 Dungeon Crawl Stone Soup version 0.26.0-3-g156281e41b (webtiles) character file.

Game seed: 16945536759645357967

3761 EnegeticOcto the Cleaver (level 9, 52/86 HPs)
             Began as a Deep Dwarf Fighter on Jan 9, 2021.
             Quit the game on level 6 of the Dungeon.
             The game lasted 00:02:03 (1576 turns).

EnegeticOcto the Cleaver (Deep Dwarf Fighter)       Turns: 1576, Time: 00:02:04

Health: 52/86      AC: 15    Str: 24    XL:     9   Next: 94%
Magic:  1/1        EV:  6    Int:  8    God:
Gold:   231        SH: 11    Dex: 12    Spells: 8/8 levels left

rFire    . . .     SeeInvis .   a - +1 war axe
rCold    . . .     Faith    .   c - +0 kite shield
rNeg     . . .     Spirit   .   u - +0 plate armour
rPois    .         Reflect  .   h - +0 helmet
rElec    .         Harm     .   (no cloak)
rCorr    .         Rampage  .   (no gloves)
Will     +....                  (no boots)
Stlth    ..........             (no amulet)
HPRegen  0.00/turn              (no ring)
MPRegen  0.07/turn              (no ring)

@: non-regenerating
A: damage resistance, heal wounds, sense surroundings 2, no regeneration
a: Heal Wounds


You were on level 6 of the Dungeon.
You visited 1 branch of the dungeon, and saw 6 of its levels.

You collected 231 gold pieces.

Inventory:

Hand Weapons
 a - a +1 war axe (weapon)
Missiles
 s - a throwing net
Armour
 b - a +0 scale mail
 c - a +0 kite shield (worn)
 h - a +0 helmet (worn)
 k - a +0 chain mail of cold resistance
 u - a +0 plate armour (worn)
Wands
 v - a wand of digging (3) {@v3}
Scrolls
 l - a scroll of identify {@r1}
 m - a scroll of teleportation {@r3}
 r - 2 scrolls of immolation
Potions
 d - 3 potions of might {@q3}
 f - 2 potions of curing {@q1}
 g - 4 potions of heal wounds {@q2}
 j - 2 potions of lignification
 p - 2 potions of invisibility


   Skills:
 + Level 7.1 Fighting
 * Level 11.2 Axes
 + Level 8.6 Armour
 + Level 8.6 Shields


You had 8 spell levels left.
You didn't know any spells.
Your spell library was empty.

Dungeon Overview and Level Annotations

Branches:
Dungeon (6/15)
 Temple: D:4-7

Altars:

Shops:
D:4 !


Innate Abilities, Weirdness & Mutations

You are resistant to damage.
You can heal yourself by infusing magical energy.
You passively map the area around you.
You do not regenerate.


Message History

No target in view!
No target in view!
No target in view!
No target in view!
Your magical essence is drained by the effort!
You feel much better.
You see here a wand of flame (23).
Found a stone staircase leading up.
Found 25 stones.
Found 8 javelins.
You see here 8 javelins.
d - 3 potions of might {@q3} (gained 1)
You now have 231 gold pieces (gained 5).
There is an open door here.
Found a scale mail.
No target in view!
Done exploring.
No target in view!
No target in view!
No target in view!
No target in view!
No target in view!
No target in view!
No target in view!
No target in view!
No target in view!
No target in view!
No target in view!
No target in view!
No target in view!
Done exploring.
Done exploring.
Done exploring.
Done exploring.
Done exploring.
Done exploring.
Done exploring.
Done exploring.
Done exploring.
Search for what [? for help]?
Okay, then.
As you read the scroll labelled TUEBBA REDUICI, it crumbles to dust.
It is a scroll of amnesia.
You feel forgetful for a moment.
As you read the scroll labelled GONEAJ PAXE, it crumbles to dust.
You feel blessed for a moment.
It was a scroll of remove curse.
As you read the scroll labelled BUANAI WINU, it crumbles to dust.
The air around you briefly surges with heat, but it dissipates.
It was a scroll of immolation.
As you read the scroll labelled PUOTIH QOCS, it crumbles to dust.
It is a scroll of enchant weapon.
Your +0 war axe glows red for a moment.
Blink to where?
Press: ? - help, Dir - move target, f - you Are you sure you want to cancel this blink?
Okay, then.
As you read the scroll labelled HAPHAU QOOCAE, it crumbles to dust.
It was a scroll of blinking.
Okay, then.
Unknown command.
As you read the scroll labelled NAIZOODEJA, it crumbles to dust.
You feel strangely unstable.
It was a scroll of teleportation.
As you read the scroll labelled SACETE LEJA, it crumbles to dust.
Your +1 war axe glows pulsating leaf green for a moment.
It was a scroll of random uselessness.
As you read the scroll labelled KODA FUENEMADDIA, it crumbles to dust.
It is a scroll of identify.
f - 2 potions of curing
As you read the scroll of identify {@r1}, it crumbles to dust.
g - 4 potions of heal wounds
As you read the scroll of identify {@r1}, it crumbles to dust.
j - 2 potions of lignification Your surroundings suddenly seem different.
As you read the scroll of identify {@r1}, it crumbles to dust.
o - a potion of experience
As you read the scroll of identify {@r1}, it crumbles to dust.
p - 2 potions of invisibility You don't have any unidentified items.
Annotate which branch? (. - D:6, ? - help, ! - show branch list) (Key replay ran out of keys)
Okay, then.
No previous command to re-do.
No previous command to re-do.
No previous command to re-do.
No previous command to re-do.
Unknown command.
You feel more experienced!
Your Fighting skill gained 2 levels and is now at level 7!
Your Axes skill gained 3 levels and is now at level 11!
Your Armour skill gained 2 levels and is now at level 8!
Your Shields skill gained 2 levels and is now at level 8!
You have reached level 9!
Your experience leads to an increase in your attributes!
Increase (s)trength, (i)ntelligence, or (d)exterity?
You feel stronger.
Your attunement to dungeon structure grows.
Done exploring.
Done exploring.
Done exploring.
Are you sure you want to abandon this character and quit the game? (Confirm with "yes".)

######## ###########......#
..........#......#
..........#......#
..........#......#
..........#../...################
..........#.....@................
..........#......####.###########
..........#.....#.#.#.#.#.#.#.#.#
.'##..##'##.^..........(.........
#.##..#......##.#.#.#.#.#.#.#.#.#
#............##..............(...
#............####.#.#.#.#.#.#.#.#
#.....♣♣.....# #.................
#............# ##<#.#.#.#.#.#.#.#


There were no monsters in sight!

Vanquished Creatures
  Grinder (D:3)
  A sky beast (D:6)
  2 orc warriors (D:6)
  A phantom (D:6)
  2 ogres
  A centaur (D:5)
  Blork the orc (D:6)
  A bullfrog (D:6)
  3 scorpions
  2 howler monkeys
  A hound (D:6)
  4 orc priests
  A bullfrog skeleton (D:5)
  A bullfrog zombie (D:6)
  A jelly (D:5)
  3 iguanas (D:5)
  5 orc wizards
  A worker ant (D:4)
  3 hound zombies
  Robin (D:2)
  4 gnolls (D:4)
  6 adders
  5 white imps
  2 adder skeletons
  4 worms
  2 leopard geckos
  22 orcs
  4 giant cockroaches
  3 hobgoblins (D:2)
  6 jackals (D:5)
  3 quokkas
  2 ball pythons (D:4)
  3 frilled lizards
  9 goblins (D:2)
  A leopard gecko zombie (D:4)
  A quokka skeleton (D:5)
  A rat (D:3)
114 creatures vanquished.

Vanquished Creatures (others)
  An orc (D:6)
1 creature vanquished.

Grand Total: 115 creatures vanquished

Notes
Turn   | Place    | Note
-------+----------+-------------------------------------------
     0 | D:1      | EnegeticOcto the Deep Dwarf Fighter began the quest for the
                  | Orb.
     0 | D:1      | Reached XP level 1. HP: 20/20 MP: 1/1
    51 | D:2      | Reached XP level 2. HP: 25/27 MP: 2/2
    91 | D:2      | Noticed Robin
   110 | D:2      | Reached skill level 3 in Axes
   115 | D:2      | Reached XP level 3. HP: 11/33 MP: 3/3
   122 | D:2      | Killed Robin
   155 | D:3      | Noticed Grinder
   173 | D:3      | Paralysed by Grinder for 5 turns
   187 | D:3      | Paralysed by Grinder for 3 turns
   220 | D:3      | Killed Grinder
   221 | D:3      | Reached skill level 4 in Axes
   221 | D:3      | Reached XP level 4. HP: 31/42 MP: 3/3
   221 | D:3      | Reached XP level 5. HP: 36/49 MP: 4/4
   276 | D:3      | Reached XP level 6. HP: 39/56 MP: 5/5
   413 | D:4      | Reached skill level 5 in Axes
   645 | D:4      | Found Gueseydd's Distillery.
   730 | D:5      | Entered Level 5 of the Dungeon
   744 | D:5      | Reached XP level 7. HP: 38/64 MP: 6/6
   746 | D:5      | Reached skill level 5 in Armour
   754 | D:5      | Reached skill level 5 in Shields
   768 | D:5      | Reached skill level 6 in Axes
  1099 | D:5      | Reached XP level 8. HP: 47/73 MP: 6/6
  1202 | D:6      | Noticed Blork the orc
  1207 | D:6      | Reached skill level 7 in Axes
  1216 | D:6      | Killed Blork the orc
  1273 | D:6      | Reached skill level 5 in Fighting
  1293 | D:6      | Reached skill level 8 in Axes
  1575 | D:6      | Reached skill level 11 in Axes
  1575 | D:6      | Gained mutation: You passively map the area around you.
                  | [Deep Dwarf growth]
  1575 | D:6      | Reached XP level 9. HP: 52/86 MP: 1/1
  1576 | D:6      | Quit the game

Illustrated notes

Levels and vault maps discovered:
D:1:      dpeg_arrival_stonehenge_8_columns, layout_basic, serial_forest,
          infiniplex_forest_clump_medium, infiniplex_forest_clump_tiny,
          infiniplex_forest_clump_small, infiniplex_forest_lined_room_2,
          infiniplex_forest_clump_curved, infiniplex_forest_clump_small,
          infiniplex_forest_lined_3_way, grunt_decor_junction
D:2:      layout_rooms, uniq_robin
D:3:      layout_loops_ring, nicolae_overflow_crystal_walls, uniq_grinder,
          uniq_jessica, uniq_sigmund
D:4:      layout_rooms, kennysheep_small_circle
D:5:      layout_cave_pools, grunt_ministairs_9
D:6:      layout_gridville, chequers_serial_rivers_micro_d,
          corexii_leaking_fountain, chequers_mini_garden, st_stairs_12,
          uniq_blork_the_orc

Skill      XL: |  1  2  3  4  5  6  7  8 |
---------------+-------------------------+-----
Axes           | 3 4 5 6 11 | 11.2
Fighting       | 3 4 7 |  7.1
Armour         | 4 5 8 |  8.6
Shields        | 4 5 8 |  8.6

Action                   |  1- 3 |  4- 6 |  7- 9 || total
-------------------------+-------+-------+-------++-------
Melee: War axe           |    80 |    97 |   169 ||   346
 Abil: Heal Wounds       |     6 |     4 |    18 ||    28
  Use: Scroll            |       |       |    12 ||    12
       Potion            |       |       |     1 ||     1
Armor: Scale mail        |    37 |       |       ||    37
       Chain mail        |       |    62 |   153 ||   215
       Plate armour      |       |       |     3 ||     3
Dodge: Dodged            |    22 |    26 |    86 ||   134
Block: Kite shield       |    50 |    85 |   185 ||   320
